 Dungeon Crawl Stone Soup version 0.29.0-7-g18a832c13a (webtiles) character file.

Game seed: 1063390356200214383

149 SnakkuSnakku7 the Poker (level 5, -5/40 HPs)
             Began as a Djinni Chaos Knight on Aug 30, 2022.
             Was a Plaything of Xom.
             Killed by divine providence
             ... invoked by an orc priest
              (14 damage)
             ... on level 3 of the Dungeon.
             The game lasted 00:03:47 (2244 turns).

SnakkuSnakku7 the Poker (Djinni Chaos Knight)       Turns: 2244, Time: 00:03:48

Health: -5/40      AC:  6    Str: 11    XL:     5   Next: 57%
Gold:   86         EV: 12    Int: 13    God:    Xom [....*.] SH:  0 Dex: 17

rFire   + + .      SeeInvis +   a - +2 bardiche (protect)
rCold   x . .      Faith    .   (shield currently unavailable)
rNeg    . . .      Spirit   .   b - +2 leather armour
rPois   ∞          Reflect  .   (no helmet)
rElec   .          Harm     .   e - +0 cloak
rCorr   .          Rampage  .   (no gloves)
Will    .....                   (boots unavailable)
Stlth   ++........              (no amulet)
HPRegen 0.13/turn               m - ring of see invisible
MPRegen 0.00/turn               f - +6 ring of dexterity

@: flying, unable to read
A: sickness immunity, fire resistance 2, cold vulnerability 1, float, innate
caster, HP casting, extra vitality 1, thin skeletal structure 1, clumsy 2,
deterioration 1, weak 1, inability to read after injury 1
a: Renounce Religion


You were on level 3 of the Dungeon.
You worshipped Xom.
You were a beloved toy of Xom.
You visited 1 branch of the dungeon, and saw 3 of its levels.

You collected 86 gold pieces.

Inventory:

Hand Weapons
 a - a +2 bardiche of protection (weapon)
 j - a +0 falchion of chaos
Missiles
 o - 3 poisoned darts
Armour
 b - a +2 leather armour (worn)
 e - a +0 cloak (worn)
Jewellery
 f - a +6 ring of dexterity (right hand)
 m - a ring of see invisible (left hand)
Scrolls
 d - a scroll of teleportation {unknown}
 h - a scroll of fear {unknown}
 n - a scroll of amnesia {unknown}
 r - a scroll of butterflies {unknown}
 t - a scroll of magic mapping {unknown}
Potions
 g - a potion of ambrosia
 i - a potion of mutation
 k - 2 potions of heal wounds
 l - a potion of attraction {unknown}
 p - 3 potions of cancellation {unknown}
 q - a potion of degeneration {unknown}
 s - a potion of lignification {unknown}
 u - a potion of haste {unknown}
Miscellaneous
 c - a piece from Xom's chessboard (15/15) (quivered)
 v - a phantom mirror


   Skills:
 - Level 3.0 Fighting
 - Level 2.6 Long Blades
 + Level 3.4 Polearms
 - Level 1.0 Armour
 - Level 2.1 Dodging
 - Level 1.5 Spellcasting


You had 4 spell levels left.
You knew the following spells:

 Your Spells              Type           Power      Damage    Failure   Level
a - Magic Dart            Conj           16%        1d3       19%         1
b - Searing Ray           Conj           8%         2d4       28%         2
Your spell library was empty.

Dungeon Overview and Level Annotations

Branches:
Dungeon (3/15)

Altars:
Yredelemnul


Innate Abilities, Weirdness & Mutations

You are immune to sickness and miasma.
You are immune to poison.
Your flesh is very heat resistant. (rF++)
You are vulnerable to cold. (rC-)
You float through the air rather than walking.
You learn spells naturally, not from books.
Your magical power is your life essence.
You have superior vitality. (+4 MHP)
You have a somewhat thin skeletal structure. (Dex +2, Stealth+)
You are very clumsy. (Dex -4)
Your body sometimes deteriorates upon taking damage.
You are weak. (Str -2)
You occasionally lose the ability to read scrolls when taking damage.


Message History

The helpless orc fails to defend itself.
You slash the orc!
Your weapon exudes an aura of protection.
You kill the orc!
You closely miss the orc. The orc hits you with a +0 club.
The orc closely misses you.
You hit the orc.
Your weapon exudes an aura of protection.
The orc is severely wounded.
The orc hits you but does no damage. x2
You slash the orc!
You kill the orc!
No target in view!
No target in view!
An orc and an orc priest come into view.
Items here: )) [ ††.
The orc priest shouts!
The orc shouts!
There are monsters nearby!
You closely miss the orc. The orc hits you with a +0 mace.
You slash the orc!
Your weapon exudes an aura of protection.
You kill the orc!
The orc priest begins to cast a cantrip, but forgets the words!
You barely miss the orc priest.
The orc priest hits you with a +0 mace. x2
You closely miss the orc priest. The orc priest hits you with a +0 mace.
The orc priest calls down the wrath of Beogh upon you.
Pain shoots through your body!
You are too injured to fight recklessly!
You are too injured to fight recklessly!
You are too injured to fight recklessly!
You are too injured to fight recklessly!
You barely miss the orc priest. The orc priest hits you with a +0 mace!
You feel threatened and lose the ability to read scrolls!
* * * LOW HITPOINT WARNING * * *
You closely miss the orc priest. The orc priest hits you with a +0 mace.
* * * LOW HITPOINT WARNING * * *
The orc priest calls down the wrath of Beogh upon you.
Beogh smites you!
You die...
Xom titters!

'.....'.....'.....'..#
#.....#.....#.....#..#
##...###...###.(.###.#
##.##.##.## ##.## #.#
..###...#+#...######.#
#..'..⌠..'..⌠. +.....#
#.###...###... ##.##.#
##.## ####)##.# #+#
#.o@.##.. #...########
###


You could see an orc priest.

Vanquished Creatures
  Natasha (thrice) (D:2)
  An adder (D:2)
  3 worms
  6 orcs
  6 endoplasms
  A giant cockroach (D:3)
  8 goblins
  4 hobgoblins
  2 quokkas
  7 ball pythons
  4 bats
  2 frilled lizards
  2 kobolds
  4 rats (D:2)
53 creatures vanquished.

Notes
Turn   | Place    | Note
-------+----------+-------------------------------------------
     0 | D:1      | SnakkuSnakku7 the Djinni Chaos Knight began the quest for
                  | the Orb.
     0 | D:1      | Reached XP level 1. HP: 20/20 MP: 0/0
    75 | D:1      | XOM: silly message
   217 | D:1      | Reached skill level 1 in Spellcasting
   217 | D:1      | Reached XP level 2. HP: 19/25 MP: 0/0
   407 | D:1      | XOM: silly message
   427 | D:1      | XOM: cloud trail
   451 | D:1      | Found a faded altar of an unknown god.
   691 | D:1      | XOM: silly message
   908 | D:2      | Noticed Natasha
   950 | D:2      | XOM: summons friendly shadow imp
  1030 | D:2      | Noticed a crimson imp
  1031 | D:2      | Killed Natasha
  1032 | D:2      | Reached skill level 1 in Polearms
  1032 | D:2      | Reached XP level 3. HP: 28/30 MP: 0/0
  1032 | D:2      | Learned a level 1 spell: Magic Dart
  1079 | D:2      | Reached XP level 4. HP: 35/35 MP: 0/0
  1245 | D:2      | You are sucked into a shaft and drop 1 floor!
  1503 | D:3      | Found a basalt altar of Yredelemnul.
  1606 | D:3      | XOM: cloud trail
  1667 | D:3      | XOM: 8-stop teleportation journey
  1696 | D:2      | Noticed Natasha
  1700 | D:2      | Killed Natasha
  1715 | D:2      | Noticed Natasha
  1726 | D:2      | Killed Natasha
  1727 | D:2      | Reached XP level 5. HP: 25/40 MP: 0/0
  1727 | D:2      | Learned a level 2 spell: Searing Ray
  1773 | D:2      | XOM: give mutations
  1773 | D:2      | Gained mutation: You are weak. (Str -2) [Xom's mischief]
  1773 | D:2      | Gained mutation: You occasionally lose the ability to read
                  | scrolls when taking damage. [Xom's mischief]
  1773 | D:2      | Gained mutation: You are clumsy. (Dex -2) [Xom's mischief]
  1980 | D:2      | XOM: god gift: phantom mirror
  2216 | D:3      | XOM: give mutations
  2216 | D:3      | Gained mutation: You have a somewhat thin skeletal
                  | structure. (Dex +2, Stealth+) [Xom's mischief]
  2216 | D:3      | Gained mutation: You are very clumsy. (Dex -4) [Xom's
                  | mischief]
  2216 | D:3      | Gained mutation: Your body sometimes deteriorates upon
                  | taking damage. [Xom's mischief]
  2244 | D:3      | Killed from afar by an orc priest

Illustrated notes

Levels and vault maps discovered:
D:1:      tarquinn_simple_flora_water_d, layout_loops_ring, serial_rivers,
          chequers_serial_rivers_small_3, chequers_serial_rivers_micro_d,
          chequers_serial_rivers_micro_d, chequers_serial_rivers_large_a,
          chequers_serial_rivers_room_b, chequers_serial_rivers_small_a,
          nicolae_ecumenical_snake_handling
D:2:      layout_loops_ring, dk_noncrumbling_4, minmay_misc_feat_tower,
          uniq_natasha
D:3:      layout_basic, mainiacjoe_overflow_tiny_flanked, nicolae_hexahallways

Skill      XL: |  1  2  3  4 |
---------------+-------------+-----
Spellcasting   | 1 |  1.5
Polearms       | 1 3 |  3.4
Fighting       | |  3.0
Long Blades    | |  2.6
Armour         | |  1.0
Dodging        | |  2.1

Action                   |  1- 3 |  4- 6 || total
-------------------------+-------+-------++-------
Melee: Falchion          |    37 |       ||    37
       Bardiche          |    14 |    93 ||   107
  Use: Scroll            |     2 |       ||     2
 Stab: Sleeping          |       |     1 ||     1
Armor: Leather armour    |    26 |    39 ||    65
Dodge: Dodged            |    27 |    57 ||    84
